 Dungeon Sprint DCSS version 0.03.2.1-42-g860841ac0a (webtiles) character file.

Game seed: 14783529031673748287, levelgen mode: deterministic

30259 esc the Merry Centaur (level 13, -53/127 HPs) Centaur Hunter. Began on Jan 25, 2021. Was an Initiate of Gozag Ym Sagoz. Annihilated by Livarra ... wielding a +0 glaive of venom (81 damage) ... in the Dungeon (Sprint I: "Red Sonja"). The game lasted 00:22:56 (2973 turns).

esc the Merry Centaur (Centaur Hunter)              Turns: 2973, Time: 00:22:57

Health: -53/127    AC: 28    Str: 15      XL:     13 ^: 21237
Magic:  11/11      EV: 10    Int: 11 (12) God:    Gozag Ym Sagoz
Gold:   3982       SH:  0    Dex: 18      Spells: 12/12 levels left

rFire    + + .     Vision   +   j - +4 longbow (velocity)
rCold    + + +     Gourm    .   (also wielding the above weapon)
rNeg     . . .     Faith    .   w - +4 skin of Zhor {Hibernate rC+++ +Vis}
rPois    .         Spirit   .   A - +3 crown of Dyrovepreva {rElec Int+2 +Vis}
rElec    .         Reflect  .   p - scarf {cloud immunity}
rCorr    +         Harm     +   q - +0 pair of gloves {Dex+3}
MR       .....     NoTele   +   s - +0 centaur barding {rF+}
Stlth    +.........             u - amulet of harm
HPRegen  0.52/turn              l - ring of protection
MPRegen  0.21/turn              r - ring of evasion

@: lethally poisoned (-53 -> -93), very slightly contaminated, very slow
A: large, hooves 3, impaired vision, deformed body, deterioration 1, speed 2,
low mp 1, tough skin 3, subdued magic 1
0: Orb of Zot
a: Potion Petition, Call Merchant, Bribe Branch, Renounce Religion


You were in the Dungeon.
You worshipped Gozag Ym Sagoz.
Gozag Ym Sagoz was most pleased with you.
You were not hungry.

You visited 1 branch You collected 11718 gold pieces.
You spent 7289 gold pieces at shops.
You paid 447 gold pieces to Gozag.

Inventory:

Weapons
 j - a +4 longbow of velocity (weapon)
Armour
 m - a +4 scale mail of fire resistance
 p - a scarf of cloud immunity (worn)
 q - a +0 pair of gloves of dexterity (worn)
 s - a +0 centaur barding of fire resistance (worn)
 w - the +4 skin of Zhor (worn) {Hibernate rC+++ +Vis}
   (You bought it in a shop in the Dungeon)

   It renders you almost immune to cold.
   It improves your vision.
 A - the +3 crown of Dyrovepreva (worn) {rElec Int+2 +Vis}
   (You bought it in a shop in the Dungeon)

   It affects your intelligence (+2).
   It insulates you from electricity.
   It improves your vision.
Jewellery
 l - a ring of protection (left hand)
 r - a ring of evasion (right hand)
 u - an amulet of harm (around neck)
Wands
 k - a wand of ensnaring
Scrolls
 b - 2 scrolls of vulnerability
 o - 3 scrolls of fog
 v - a scroll of fear
 y - a scroll of amnesia
Potions
 c - a potion of brilliance
 e - 4 potions of curing
 g - 2 potions of haste
 h - 3 potions of magic
 i - a potion of berserk rage
 n - 3 potions of resistance
 t - a potion of invisibility
Miscellaneous
 a - a lamp of fire
 z - a lantern of shadows
Comestibles
 d - 4 rations


   Skills:
 + Level 15.6 Fighting
 O Level 27 Bows
 + Level 12.4 Armour
 + Level 11.2 Dodging
 - Level 0.4 Stealth


You had 12 spell levels left.
You didn't know any spells.
Your spell library was empty.

Dungeon Overview and Level Annotations

Branches:
Dungeon (1/1)

Altars:
Cheibriados
Dithmenos
Elyvilon
Fedhas Madash
Gozag Ym Sagoz
Hepliaklqana
Kikubaaqudgha
Makhleb
Nemelex Xobeh
Okawaru
Qazlal
Ru
Sif Muna
Trog
Uskayaw
Vehumet
Wu Jian
Xom
Yredelemnul
Zin
The Shining One
Jiyva
Lugonu

Shops:
D =?}!*:=([%%(*[[(=?:*[%[

Annotations:
D Livarra


Innate Abilities, Weirdness & Mutations

You have hooves in place of feet.
Armour fits poorly on your strangely shaped body.
You cover ground very quickly.
You have extremely tough skin. (AC +3)
Your poor vision makes scrolls take longer to read and aiming more difficult.
Your body sometimes deteriorates upon taking damage.
Your magical capacity is low. (-10% MP)
Your spells are a little easier to cast, but a little less powerful.


Message History

Moving in this stuff is going to be slow.
As you read the scroll of blinking, it crumbles to dust.
You inhale water (10)!
Livarra hits you from afar with a +0 glaive of venom (69)!!!
Ouch! That really hurt!
* * * LOW HITPOINT WARNING * * *
Your body deteriorates!
You feel dopey.
You are lethally poisoned!
Unknown command.
Okay, then.
You can't fire or throw effectively while struggling to swim!
Okay, then.
Okay, then.
Your struggles to swim create loud splashing noises!
* * * LOW HITPOINT WARNING * * *
You feel very sick. (5) Livarra hits you from afar with a +0 glaive of venom (68)!!!
Ouch! That really hurt!
You die...
Your body crumbles into a pile of gold.

#...).#......§§#§#####..°###....#
#######.....§§#§§#)..#####...####
##.?.........≈####.....).).###,^,
##..........≈§##.......#####,,^^*
###.......≈≈≈###......##^^^^,,,,*
# ###..≈≈≈≈### #.....##,,,,,,,,,*
####'######'####.....#,,,,,,,,^,*
##∩∩########∩∩###########*,,,,,,*
###∩∩∩∩∩∩∩∩∩∩###@≈d≈≈≈≈≈.*^,,,^,*
# ############ ###########,,,,^,'
#.....'....,,,,^,*
###########*******


You could see Livarra.

Vanquished Creatures
  A golden dragon (D)
  4 fire giants (D)
  A deep elf annihilator (D)
  A mummy priest (D)
  A lorocyproca (D)
  Sonja (D)
  7 unseen horrors (D)
  A lindwurm (D)
  A hydra (D)
  2 centaur warriors (D)
  A deep troll (D)
  8 shining eyes (D)
  A merfolk siren (D)
  2 oklob plants (D)
  2 gargoyles (D)
  A hellwing (D)
  2 kobold demonologists (D)
  3 hornets (D)
  4 demonic crawlers (D)
  Sigmund (D)
  A yak (D)
  13 hogs (D)
  2 redbacks (D)
  A slime creature (D)
  7 necrophages (D)
  7 floating eyes (D)
  Ijyb (D)
  An ogre (D)
  8 jellies (D)
  A ballistomycete (D)
87 creatures vanquished.

Vanquished Creatures (others)
  A shadow dragon (D)
  A merfolk siren (D)
  2 hornets (D)
  2 ballistomycete spores (D)
6 creatures vanquished.

Grand Total: 93 creatures vanquished

Notes
Turn   | Place    | Note
-------+----------+-------------------------------------------
     0 | D        | esc the Centaur Hunter began the quest for the Orb.
     0 | D        | Reached XP level 1. HP: 17/17 MP: 1/1
     1 | D        | Noticed Ijyb
    21 | D        | Killed Ijyb
    21 | D        | Reached skill level 11 in Bows
    21 | D        | Reached XP level 2. HP: 23/24 MP: 2/2
    21 | D        | Reached XP level 3. HP: 28/29 MP: 3/3
    21 | D        | Reached XP level 4. HP: 35/36 MP: 4/4
    36 | D        | Noticed an ogre
    61 | D        | Killed an ogre
    61 | D        | Reached skill level 14 in Bows
    61 | D        | Reached XP level 5. HP: 41/41 MP: 5/5
    75 | D        | Noticed Sigmund
    79 | D        | Killed Sigmund
    79 | D        | Reached skill level 16 in Bows
    79 | D        | Reached XP level 6. HP: 48/48 MP: 6/6
    95 | D        | Found an ornate altar of the Wu Jian Council.
    95 | D        | Found a shimmering blue altar of Sif Muna.
    97 | D        | Found a radiant altar of Vehumet.
    99 | D        | Reached skill level 17 in Bows
   132 | D        | Found Voaryon's Distillery.
   132 | D        | Found an ancient bone altar of Kikubaaqudgha.
   132 | D        | Found a hazy altar of Hepliaklqana.
   132 | D        | Found a stormy altar of Qazlal.
   132 | D        | Found a hide-covered altar of Uskayaw.
   132 | D        | Found a blossoming altar of Fedhas.
   132 | D        | Found a bloodstained altar of Trog.
   132 | D        | Found an iron altar of Okawaru.
   132 | D        | Found a basalt altar of Yredelemnul.
   132 | D        | Found a glowing golden altar of the Shining One.
   132 | D        | Found a snail-covered altar of Cheibriados.
   132 | D        | Found a sacrificial altar of Ru.
   132 | D        | Found a glowing silver altar of Zin.
   132 | D        | Found a shadowy altar of Dithmenos.
   132 | D        | Found a white marble altar of Elyvilon.
   132 | D        | Noticed a yak
   149 | D        | Killed a yak
   149 | D        | Reached skill level 18 in Bows
   163 | D        | Found an opulent altar of Gozag.
   164 | D        | Found a sparkling altar of Nemelex Xobeh.
   168 | D        | Became a worshipper of Gozag Ym Sagoz the Greedy
   177 | D        | Noticed Sonja
   186 | D        | Killed Sonja
   186 | D        | Reached skill level 20 in Bows
   186 | D        | Reached XP level 7. HP: 36/55 MP: 7/7
   186 | D        | Reached XP level 8. HP: 40/61 MP: 8/8
   489 | D        | Noticed a deep troll
   513 | D        | Killed a deep troll
   513 | D        | Reached skill level 22 in Bows
   520 | D        | Found a burning altar of Makhleb.
   520 | D        | Found a viscous altar of Jiyva.
   520 | D        | Found a shimmering altar of Xom.
   520 | D        | Found a corrupted altar of Lugonu.
   578 | D        | Found Bumeorgh's Jewellery Boutique.
   586 | D        | Bought an uncursed ring of protection for 550 gold pieces
   609 | D        | Found Nefucuim's Armour Emporium.
   614 | D        | Bought a +4 scale mail of fire resistance for 372 gold
                  | pieces
   664 | D        | Noticed a kobold demonologist
   664 | D        | Noticed a kobold demonologist
   667 | D        | Reached skill level 1 in Armour
   668 | D        | Noticed a ynoxinul
   689 | D        | Noticed a red devil
   690 | D        | Noticed a hellwing
   697 | D        | Noticed a red devil
   698 | D        | Killed a kobold demonologist
   698 | D        | Reached XP level 9. HP: 39/71 MP: 9/9
   708 | D        | HP: 3/71 [hellwing[a kobold demonologist] (5)]
   893 | D        | Noticed a centaur warrior
   902 | D        | Killed a centaur warrior
   902 | D        | Reached skill level 23 in Bows
   902 | D        | Noticed a centaur warrior
   908 | D        | Killed a centaur warrior
  1096 | D        | Reached skill level 5 in Armour
  1186 | D        | Noticed an oklob plant
  1192 | D        | Killed an oklob plant
  1209 | D        | Reached XP level 10. HP: 88/88 MP: 10/10
  1261 | D        | Killed an unseen horror
  1261 | D        | Reached skill level 24 in Bows
  1269 | D        | Killed an unseen horror
  1373 | D        | Bought a glowing helmet for 202 gold pieces
  1528 | D        | Found Qusethrytu's Antique Weapon Shoppe.
  1528 | D        | Found Ziass's Jewellery Shop.
  1528 | D        | Found Diadar's Armour Boutique.
  1530 | D        | Found Feppetz's Food Emporium.
  1530 | D        | Found Zihid's Food Shop.
  1530 | D        | Found Diavogeynn's Antique Weapon Shoppe.
  1530 | D        | Found Osmiwol's General Store.
  1530 | D        | Found Fogg's Antique Armour Emporium.
  1530 | D        | Found Diumut's Weapon Shop.
  1530 | D        | Found Roiluz's Jewellery Shoppe.
  1534 | D        | Found Owyifoq's Magic Scroll Boutique.
  1535 | D        | Found Unaatse's General Store.
  1535 | D        | Found Ustrur's Book Boutique.
  1536 | D        | Found Hebum's Food Emporium.
  1538 | D        | Bought a scroll of magic mapping for 49 gold pieces
  1539 | D        | Bought a +1 helmet of improved vision for 231 gold pieces
  1550 | D        | Bought a scroll of blinking for 105 gold pieces
  1558 | D        | Bought a potion of curing for 36 gold pieces
  1558 | D        | Bought a scroll of fog for 24 gold pieces
  1558 | D        | Bought a potion of resistance for 120 gold pieces
  1558 | D        | Bought a scroll of bless item for 360 gold pieces
  1563 | D        | Bought a runed scarf for 200 gold pieces
  1571 | D        | Bought a scroll of enchantment for 97 gold pieces
  1607 | D        | Bought a +0 pair of gloves for 54 gold pieces
  1633 | D        | Bought an uncursed ring of evasion for 550 gold pieces
  1637 | D        | Noticed a shining eye
  1637 | D        | Noticed a shining eye
  1637 | D        | Noticed a shining eye
  1637 | D        | Noticed a shining eye
  1637 | D        | Noticed a shining eye
  1637 | D        | Noticed a shining eye
  1638 | D        | Gained mutation: Your spells are a little easier to cast,
                  | but a little less powerful. [a shining eye]
  1639 | D        | Gained mutation: Your body sometimes deteriorates upon
                  | taking damage. [a shining eye]
  1659 | D        | Gained mutation: Your poor vision makes scrolls take longer
                  | to read and aiming more difficult. [a shining eye]
  1662 | D        | Killed a shining eye
  1663 | D        | Reached skill level 10 in Fighting
  1669 | D        | Gained mutation: Your magical capacity is low. (-10% MP) [a
                  | shining eye]
  1670 | D        | Killed a shining eye
  1670 | D        | Reached skill level 5 in Dodging
  1671 | D        | Killed a shining eye
  1676 | D        | Killed a shining eye
  1676 | D        | Reached XP level 11. HP: 101/101 MP: 9/9
  1693 | D        | Reached skill level 25 in Bows
  1714 | D        | Found Xoephol's General Store.
  1714 | D        | Found Cuxyfaih's Gadget Emporium.
  1714 | D        | Found Corehic's Book Boutique.
  1715 | D        | Found Zigadeqa's Magic Scroll Shoppe.
  1729 | D        | Bought a +0 centaur barding for 299 gold pieces
  1729 | D        | Bought a scroll of enchantment for 97 gold pieces
  1729 | D        | Bought an uncursed amulet of harm for 390 gold pieces
  1843 | D        | Bought a scroll of enchantment for 82 gold pieces
  1843 | D        | Bought a scroll of blinking for 82 gold pieces
  1850 | D        | Bought a scroll of fear for 45 gold pieces
  1850 | D        | Bought a scroll of bless item for 390 gold pieces
  1916 | D        | Noticed a lindwurm
  1917 | D        | Killed a lindwurm
  2003 | D        | Noticed a 12-headed hydra
  2015 | D        | Killed a 12-headed hydra
  2143 | D        | Killed a lorocyproca
  2314 | D        | Bought the +4 skin of Zhor {Hibernate rC+++ +Vis} for 1795
                  | gold pieces
  2314 | D        | Found the +4 skin of Zhor {Hibernate rC+++ +Vis}
  2460 | D        | Identified the ring "Fepsoiq" {*Slow rPois EV+5 Dex+9
                  | Slay-6}
  2491 | D        | Noticed a deep elf annihilator
  2496 | D        | Reached skill level 10 in Armour
  2499 | D        | Killed a deep elf annihilator
  2499 | D        | Reached skill level 26 in Bows
  2499 | D        | Reached XP level 12. HP: 113/113 MP: 10/10
  2506 | D        | Noticed a mummy priest
  2508 | D        | Killed a mummy priest
  2544 | D        | Noticed a shadow dragon
  2545 | D        | Noticed a golden dragon
  2557 | D        | Killed a shadow dragon
  2612 | D        | Killed a golden dragon
  2681 | D        | Found Rinawk's Antique Armour Shoppe.
  2698 | D        | Bought the +3 crown of Dyrovepreva {rElec Int+2 +Vis} for
                  | 1159 gold pieces
  2698 | D        | Found the +3 crown of Dyrovepreva {rElec Int+2 +Vis}
  2762 | D        | Identified the cursed ring of Moumor {Ice *Drain Str+2
                  | Int+4, (Curse: Fragile MR-)}
  2762 | D        | Noticed a daeva
  2784 | D        | Reached skill level 10 in Dodging
  2853 | D        | Reached skill level 27 in Bows
  2910 | D        | Noticed a fire giant
  2914 | D        | Killed a fire giant
  2915 | D        | Noticed a fire giant
  2915 | D        | Noticed a fire giant
  2917 | D        | Killed a fire giant
  2917 | D        | Reached skill level 15 in Fighting
  2917 | D        | Reached XP level 13. HP: 127/127 MP: 11/11
  2920 | D        | Killed a fire giant
  2921 | D        | Noticed a fire giant
  2924 | D        | Killed a fire giant
  2959 | D        | Found the cursed +4 dragonskin cloak {(Curse: -Vis)}
  2959 | D        | Noticed Livarra
  2971 | D        | Got the Orb of Zot
  2973 | D        | Annihilated by Livarra

Levels and vault maps discovered:
D:        dungeon_sprint_1 [red_sonja_temple_1, red_sonja_temple_small_1]

Skill      XL: |  1  2  3  4  5  6  7  8  9 10 11 12 13 |
---------------+----------------------------------------+-----
Bows           | 11 14 16 20 22 23 24 26 27 | 27.0
Armour         | 2 5 8 10 12 | 12.4
Fighting       | 3 8 10 12 15 | 15.6
Dodging        | 5 8 10 11 | 11.2
Stealth        | |  0.4

Action                   |  1- 3 |  4- 6 |  7- 9 | 10-12 | 13-15 || total
-------------------------+-------+-------+-------+-------+-------++-------
 Fire: Shortbow          |    10 |    30 |   113 |     8 |       ||   161
       Longbow           |       |       |       |   198 |     5 ||   203
Invok: Call Merchant     |       |       |       |     1 |       ||     1
Evoke: Wand              |       |       |     1 |       |       ||     1
  Use: Potion            |       |       |     2 |       |       ||     2
       Scroll            |       |       |     1 |     8 |     2 ||    11
  Eat: Ration            |       |       |       |     2 |       ||     2
Armor: Leather armour    |     2 |       |       |       |       ||     2
       Scale mail        |       |       |    61 |    66 |       ||   127
       Animal skin       |       |       |       |     7 |       ||     7
Dodge: Dodged            |     3 |     1 |    33 |    33 |       ||    70
